 Dungeon Crawl Stone Soup version 0.31-a0-177-g4aa6249778 (webtiles) character file.

Game seed: 15999384793162286808

1876 TittyCrusher the Grappler (level 9, -3/56 HPs)
             Began as an Octopode Fighter on June 18, 2023.
             Slain by a hellwing (9 damage)
             ... on level 7 of the Dungeon.
             The game lasted 00:08:18 (5119 turns).

TittyCrusher the Grappler (Octopode Fighter)        Turns: 5119, Time: 00:08:19

Health: -3/56      AC:  1    Str: 20    XL:     9   Next: 14%
Magic:  9/9        EV: 14    Int: 10    God:
Gold:   344        SH:  5    Dex: 17    Spells: 4/8 levels left

rFire   . .          .
                       - Unarmed
rCold   . . .        a - +0 buckler
rNeg    . . .        (helmet restricted)
rPois   .            r - amulet of the acrobat
rElec   .            d - +6 ring of dexterity
rCorr   .            (no ring)
SInv    .            (no ring)
Will    .....        (no ring)
Stlth   +++          (no ring)
HPRegen 0.29/turn    (no ring)
MPRegen 0.11/turn    (no ring)
                     (no ring)

%: acrobat
@: mighty
A: almost no armour, amphibious, 8 rings, camouflage 1, gelatinous body 1,
(nimble swimmer 1), tentacles
a: no special abilities


You were on level 7 of the Dungeon.
You visited 2 branches of the dungeon, and saw 8 of its levels.

You collected 344 gold pieces.

Inventory:

Hand Weapons
 b - a +0 heavy sling
Missiles
 s - a throwing net
Armour
 a - a +0 buckler (worn)
 o - an orb of energy
Jewellery
 d - a +6 ring of dexterity (left tentacle)
 r - an amulet of the acrobat (around mantle)
Wands
 g - a wand of iceblast (7)
Scrolls
 i - a scroll of poison {unknown}
 j - a scroll of summoning {unknown}
 k - 2 scrolls of teleportation
 m - 2 scrolls of blinking {unknown}
 u - a scroll of immolation {unknown}
 v - a scroll of enchant weapon {unknown}
 w - 2 scrolls of identify
 x - a scroll of vulnerability {unknown}
Potions
 f - a potion of ambrosia
 l - a potion of degeneration {unknown}
 n - a potion of haste {unknown}
 p - a potion of attraction {unknown}
 q - a potion of brilliance {unknown}
 t - a potion of enlightenment {unknown}
 z - a potion of lignification {unknown}


   Skills:
 - Level 3.0 Fighting
 - Level 3.0 Dodging
 - Level 3.0 Shields
 - Level 11.0 Unarmed Combat
 + Level 2.5 Transmutations
 + Level 2.5 Ice Magic


You had 4 spell levels left.
You knew the following spells:

 Your Spells              Type           Power      Damage    Failure   Level
a - Ice Form              Ice/Tmut       5%         N/A       86%         4

Your spell library contained the following spells:

 Spells                   Type           Power      Damage    Failure   Level
 Frozen Ramparts          Ice            10%        1d2       45%         3
 Summon Ice Beast         Ice/Summ       2%         N/A       95%         4


Dungeon Overview and Level Annotations

Branches:
Dungeon (7/15)             Temple (1/1) D:7

Altars:
Ashenzari
Dithmenos
Elyvilon
Fedhas
Gozag
Kikubaaqudgha
Makhleb
Nemelex Xobeh
Okawaru
Qazlal
Ru
Sif Muna
Uskayaw
Vehumet
Wu Jian
Xom
Yredelemnul
Zin
The Shining One

Annotations:
D:6 4 runed translucent doors, exclusion: 2 doors


Innate Abilities, Weirdness & Mutations

You cannot wear most types of armour.
You are amphibious.
You can wear up to eight rings at the same time.
Your skin changes colour to match your surroundings (Stealth+).
Your rubbery body absorbs attacks. (AC +1, EV +1)
((You are camouflaged when in or above water. (Stealth+)))
You have tentacles for arms and can constrict up to eight enemies at once.


Message History

Unknown command.
You bludgeon the hellwing!
The hellwing is moderately wounded.
The withered plant crumbles away.
The hellwing barely misses you. You block the hellwing's attack.
The hound closely misses you.
Unknown command.
You bludgeon the hellwing! Your squeeze misses the hellwing.
The hellwing is heavily wounded.
The hound closely misses you. The hellwing hits you! x2
Unknown command.
You closely miss the hellwing.
The hellwing is heavily wounded.
The hound barely misses you. The hellwing hits you!
* * * LOW HITPOINT WARNING * * *
The hellwing misses you. The hound closely misses you.
Unknown command.
You feel much better. The hound misses you. The hellwing hits you! x2
* * * LOW HITPOINT WARNING * * *
The shadow imp shouts, "Capitulate, thou foppish earth-vexing whey-face!"
Unknown command.
Unknown command.
You feel better. The hound bites you.
A shadow imp comes into view.
The hellwing hits you!
* * * LOW HITPOINT WARNING * * *
The hellwing barely misses you. The hound bites you.
* * * LOW HITPOINT WARNING * * *
Unknown command.
Okay, then.
You feel better.
The shadow imp shouts!
The hound misses you. The hellwing hits you.
* * * LOW HITPOINT WARNING * * *
The hellwing misses you.
Unknown command.
Unknown command.
You closely miss the hellwing.
The hellwing is heavily wounded.
The hound completely misses you. The hellwing hits you!
You die...

########......#
#.....)#
#......#
#8>8##.#
######.# #.# .
#.# ...
#[####Z....
#.4@h545.8.
#####ZZ..8.
...8. .... ...
8P .


You could see 2 hellwings, a hound, 2 shadow imps, a boggart zombie and 2
centaur warrior zombies.

Vanquished Creatures
  A meliai zombie (D:7)
  Eustachio (D:4)
  An acid dragon (D:5)
  A water moccasin (D:6)
  2 black bears
  2 ogres (D:5)
  2 phantoms (D:5)
  2 scorpions
  2 hounds
  A jelly (D:4)
  3 gnoll boudas
  A sleepcap (D:6)
  4 iguanas
  A scorpion zombie (D:4)
  A hound zombie (D:4)
  20 gnolls
  7 adders
  2 shadow imps
  2 ufetubi
  3 worms
  2 dart slugs
  7 orcs
  6 endoplasms
  A giant cockroach (D:1)
  7 hobgoblins
  3 jackals (D:2)
  3 quokkas
  5 ball pythons
  3 bats
  A frilled lizard (D:1)
  11 goblins
  11 kobolds
  6 rats
125 creatures vanquished.

Notes
Turn   | Place    | Note
-------+----------+-------------------------------------------
     0 | D:1      | TittyCrusher the Octopode Fighter began the quest for the
                  | Orb.
     0 | D:1      | Reached XP level 1. HP: 16/16 MP: 1/1
   150 | D:1      | Reached XP level 2. HP: 9/21 MP: 2/2
   334 | D:1      | Reached skill level 3 in Unarmed Combat
   349 | D:1      | Reached XP level 3. HP: 7/26 MP: 3/3
   873 | D:2      | Reached skill level 4 in Unarmed Combat
  1097 | D:2      | Reached XP level 4. HP: 30/31 MP: 4/4
  1121 | D:2      | Found a faded altar of an unknown god.
  1236 | D:2      | Found a basalt altar of Yredelemnul.
  1606 | D:3      | Found a white marble altar of Elyvilon.
  2326 | D:4      | Noticed a black bear
  2335 | D:3      | Killed a black bear
  2336 | D:3      | Reached skill level 5 in Unarmed Combat
  2336 | D:3      | Reached XP level 5. HP: 19/36 MP: 5/5
  2495 | D:3      | Reached skill level 6 in Unarmed Combat
  2531 | D:4      | Reached XP level 6. HP: 26/42 MP: 6/6
  2660 | D:4      | Learned a level 4 spell: Ice Form
  2728 | D:4      | Noticed a black bear
  2736 | D:4      | Killed a black bear
  2842 | D:4      | Reached skill level 7 in Unarmed Combat
  3108 | D:4      | Reached XP level 7. HP: 46/46 MP: 7/7
  3287 | D:4      | Found a basalt altar of Yredelemnul.
  3334 | D:4      | Found a glowing silver altar of Zin.
  3425 | D:5      | Entered Level 5 of the Dungeon
  3434 | D:5      | Reached skill level 8 in Unarmed Combat
  3634 | D:5      | Noticed Eustachio
  3673 | D:4      | Killed Eustachio
  3674 | D:4      | Reached skill level 9 in Unarmed Combat
  3674 | D:4      | Reached XP level 8. HP: 35/52 MP: 8/8
  3837 | D:5      | Reached skill level 10 in Unarmed Combat
  4257 | D:6      | Found a large runed translucent door.
  4259 | D:6      | Found a large runed translucent door.
  4262 | D:6      | Noticed a skeletal warrior
  4263 | D:6      | Noticed a wraith
  4268 | D:6      | Found a large runed translucent door.
  4268 | D:6      | Found a large runed translucent door.
  4348 | D:6      | Reached skill level 11 in Unarmed Combat
  4348 | D:6      | Noticed a komodo dragon
  4540 | D:6      | Reached skill level 1 in Transmutations
  4540 | D:6      | Reached skill level 1 in Ice Magic
  4595 | D:6      | Reached XP level 9. HP: 55/56 MP: 9/9
  4777 | D:6      | Found a radiant altar of Vehumet.
  4779 | D:6      | Found a glowing golden altar of the Shining One.
  4780 | D:6      | Found an ornate altar of the Wu Jian Council.
  4866 | D:7      | Found a staircase to the Ecumenical Temple.
  4876 | Temple   | Entered the Ecumenical Temple
  5101 | D:7      | Noticed a hellwing
  5102 | D:7      | Noticed a hellwing
  5117 | D:7      | HP: 2/56 [hound (1)]
  5119 | D:7      | Slain by a hellwing

Illustrated notes

Levels and vault maps discovered:
D:1:      lightli_molten_gateway, layout_loops_ring, minmay_distorted
D:2:      layout_basic, basic_altar, shapermc_ecumenical_altar_totnotflames,
          dreamdust_wishing_well
D:3:      layout_loops_corners, nicolae_elyvilon_temple_path
D:4:      layout_loops_cross, lemuel_zombie_altar_yredelemnul,
          lemuel_round_altar
D:5:      layout_basic, minmay_crystal_water, uniq_eustachio
D:6:      layout_cave_pools, minitemple, minmay_hollow_rounded_squares
D:7:      cheibrodos_grave_circle, layout_basic, temple_statues, serial_glass,
          glass_columns_a, glass_columns_a, kennysheep_decorative_pillar
Temple:   nicolae_temple_figure_eight

Skill      XL: |  1  2  3  4  5  6  7  8  9 |
---------------+----------------------------+-----
Unarmed Combat | 3 4 5 6 7 9 11 | 11.0
Transmutations | 1 2 |  2.5
Ice Magic      | 1 2 |  2.5
Fighting       | |  3.0
Dodging        | |  3.0
Shields        | |  3.0

Action                     |  1- 3 |  4- 6 |  7- 9 || total
---------------------------+-------+-------+-------++-------
  Melee: Unarmed           |    63 |    87 |   112 ||   262
         Constrict         |    24 |    24 |    29 ||    77
         Tentacles         |    16 |    20 |    31 ||    67
         Punch             |     4 |     6 |     7 ||    17
   Fire: Sling             |       |    20 |    24 ||    44
    Use: Potion            |       |     1 |    12 ||    13
         Scroll            |       |       |     6 ||     6
   Stab: Sleeping          |     3 |     5 |     3 ||    11
 Armour: Skin              |     4 |     6 |     2 ||    12
  Dodge: Dodged            |    32 |    44 |    71 ||   147
  Block: Buckler           |     5 |    22 |    17 ||    44

Table legend: (Time is in decaauts)
 A = Elapsed time spent in this place.
 B = Non-inter-level travel time spent in this place.
 C = Inter-level travel time spent in this place.
 D = Time resting spent in this place.
 E = Time spent auto-exploring this place.
 F = Levels seen in this place.
 G = Mean time per level.
                   A        B        C        D        E       F      G
               +--------+--------+--------+--------+--------+-----+--------+
         Total |   5135 |   4942 |    193 |    675 |   3175 |   8 |  641.9 |
       Dungeon |   4920 |   4737 |    183 |    675 |   3071 |   7 |  702.9 |
        Temple |    214 |    204 |     10 |      0 |    104 |   1 |  214.0 |
               +--------+--------+--------+--------+--------+-----+--------+

Top non-repeatable levels by time:
     D:3: 1142 daAuts
     D:4: 1051 daAuts
     D:1: 956 daAuts
     D:6: 764 daAuts
     D:5: 543 daAuts
     D:2: 397 daAuts
  Temple: 214 daAuts
     D:7: 65 daAuts
